 Dungeon Crawl Stone Soup version 0.25-a0-189-gf71692caf1 (webtiles) character file.

Game seed: 10441860758995016666, levelgen mode: classic

15 EnegeticOcto the Covered (level 2, -3/27 HPs)
             Began as a Minotaur Fighter on Nov 29, 2019.
             Slain by a gnoll
             ... wielding a +0 whip
              (4 damage)
             ... on level 2 of the Dungeon.
             The game lasted 00:00:25 (653 turns).

EnegeticOcto the Covered (Minotaur Fighter)          Turns: 653, Time: 00:00:26

Health: -3/27      AC:  6    Str: 20    XL:     2   Next: 34%
Magic:  1/1        EV:  7    Int:  5    God:
Gold:   55         SH:  9    Dex:  9    Spells: 1/1 levels left

rFire    . . .     SeeInvis .   a - +0 war axe
rCold    + . .     Gourm    .   c - +0 shield
rNeg     . . .     Faith    .   b - +0 scale mail
rPois    .         Spirit   .   (helmet restricted)
rElec    .         Reflect  .   m - -2 cloak (curse)
rCorr    .         Harm     .   (no gloves)
MR       .....                  (no boots)
Stlth    ..........             (no amulet)
HPRegen  0.09/turn              g - ring of protection from cold
MPRegen  0.07/turn              (no ring)

@: no status effects
A: retaliatory headbutt, horns 2
a: no special abilities


You were on level 2 of the Dungeon.
You were not hungry.

You visited 1 branch of the dungeon, and saw 2 of its levels.

You collected 55 gold pieces.

Inventory:

Hand Weapons
 a - a +0 war axe (weapon)
Armour
 b - a +0 scale mail (worn)
 c - a +0 shield (worn)
 m - a cursed -2 cloak (worn)
Jewellery
 g - a ring of protection from cold (left hand)
Scrolls
 h - 2 scrolls of teleportation {unknown}
 j - a scroll of enchant weapon {unknown}
 n - a scroll of noise {unknown}
Potions
 d - a potion of might {@q3}
 f - a potion of resistance {unknown}
 k - a potion of degeneration {unknown}
 l - a potion of heal wounds {unknown}
Comestibles
 e - 3 rations
 i - 4 chunks of flesh


   Skills:
 + Level 3.8 Fighting
 * Level 3.0 Axes
 + Level 3.8 Armour
 + Level 0.5 Dodging
 + Level 3.7 Shields


You had one spell level left.
You didn't know any spells.
Your spell library was empty.

Dungeon Overview and Level Annotations

Branches:
Dungeon (2/15)

Altars:


Innate Abilities, Weirdness & Mutations

You reflexively headbutt those who attack you in melee.
You have a pair of horns on your head.


Message History

You kill the jackal!
You hit the jackal. You closely miss the kobold.
The kobold hits you but does no damage. You block the jackal's attack.
You block the kobold's attack.
Your shield and scale mail prevent you from hitting the jackal.
The jackal is heavily wounded.
You hit the kobold.
You kill the kobold!
The jackal barely misses you. You furiously retaliate!
You headbutt the jackal.
The jackal bites you but does no damage.
The jackal bites you.
You closely miss the jackal. You headbutt the jackal.
You kill the jackal!
Your Axes skill increases to level 3!
No target in view!
No target in view!
No target in view!
No target in view!
No target in view!
No target in view!
No target in view!
No target in view!
No target in view!
No target in view!
No target in view!
No target in view!
You butcher the jackal corpse.
i - 3 chunks of flesh (gained 2)
You see here a jackal skeleton. x2
You butcher the jackal corpse.
i - 5 chunks of flesh (gained 2)
You see here a jackal skeleton. x2
Found a ring mail.
e - 3 rations (gained 1)
h - 2 scrolls labeled KYDGHUU NUJALEVU (gained 1)
There is a stone staircase leading down here.
You see here a ring mail.
l - a dark potion You see here a +0 club.
Done exploring.
Done exploring.
Done exploring.
Done exploring.
Search for what [? for help]? cloa You see here a +0 club.
You see here a cloak.
m - a cloak You start putting on your armour.
You continue putting on your cloak.
Some of the chunks of flesh in your inventory have rotted away.
You continue putting on your cloak. x3
You finish putting on your cursed -2 cloak.
Oops, that feels deathly cold.
(D) Dungeon
Where to? (Enter - D:1 @ (x,y), ? - help)
There is a stone staircase leading down here.
You climb downwards.
Found a scroll labeled GAM WUVEVA, 2 atropa-tipped darts and 10 stones.
There is a stone staircase leading up here.
n - a scroll labeled GAM WUVEVA A gnoll comes into view.
It is wielding a +0 spear.
The gnoll shouts!
Found a dark potion. 2 gnolls come into view.
The gnoll shouts!
The gnoll throws a throwing net.
You block the throwing net.
You see here a throwing net {!f}.
The gnoll hits you with a +0 spear.
The gnoll throws a throwing net.
The throwing net barely misses you.
You closely miss the gnoll. You headbutt the gnoll.
The gnoll is heavily wounded.
You block the gnoll's attack.
The gnoll hits you from afar with a +0 halberd.
Your shield and scale mail prevent you from hitting the gnoll.
The gnoll is moderately wounded.
You block the gnoll's attack. x2
You hit the gnoll.
The gnoll is heavily wounded.
The gnoll hits you with a +0 spear.
The gnoll hits you from afar with a +0 halberd!
* * * LOW HITPOINT WARNING * * *
You are too injured to fight recklessly!
You are too injured to fight recklessly!
You are too injured to fight recklessly!
You are too injured to fight recklessly!
You are too injured to fight recklessly!
You are too injured to fight recklessly!
You are too injured to fight recklessly!
You are too injured to fight recklessly!
You are too injured to fight recklessly!
You are too injured to fight recklessly!
You are too injured to fight recklessly!
You are too injured to fight recklessly!
You are too injured to fight recklessly!
You are too injured to fight recklessly!
You barely miss the gnoll.
The gnoll is heavily wounded.
You hit the gnoll. The gnoll hits you with a +0 spear.
* * * LOW HITPOINT WARNING * * *
The gnoll hits you with a +0 whip.
You die...

..........##.#....###
..........##.#......#
.....(...........##.#
#...........##...##.###
###...#..#####........
...###..## #.###.###
.## #....###.##....
#.....((........
#.....@#.#......
##...gg#.##!....
#...g.... .....
#........# ....
#......... ...
#.......... ...
...........
#.#####.....#


You could see 3 gnolls.

Vanquished Creatures
  2 goblins (D:1)
  2 hobgoblins (D:1)
  2 jackals (D:1)
  3 kobolds (D:1)
  2 bats (D:1)
  2 frilled lizards (D:1)
  A rat (D:1)
14 creatures vanquished.

Notes
Turn   | Place    | Note
-------+----------+-------------------------------------------
     0 | D:1      | EnegeticOcto the Minotaur Fighter began the quest for the
                  | Orb.
     0 | D:1      | Reached XP level 1. HP: 19/19 MP: 0/0
   143 | D:1      | Reached XP level 2. HP: 20/27 MP: 1/1
   653 | D:2      | HP: 1/27 [gnoll/+0 spear (3)]
   653 | D:2      | Slain by a gnoll

Levels and vault maps discovered:
D:1:      nicolae_arrival_washed_ashore, layout_rooms
D:2:      layout_rooms, gammafunk_temple_overflow_wave, serial_curves,
          eino_curves_03, eino_curves_02, eino_curves_03

Skill      XL: |  1  2 |
---------------+-------+-----
Axes           | 3 |  3.0
Fighting       | |  3.8
Armour         | |  3.8
Dodging        | |  0.5
Shields        | |  3.7

Action                   || total
-------------------------++-------
Melee: War axe           ||    36
       Headbutt          ||     7
Armor: Scale mail        ||    30
Dodge: Dodged            ||    16
Block: Shield            ||    24

Table legend:
 A = Non-vault XP
 B = Vault XP
 C = Vault XP percentage of total XP
 D = Non-vault monster count
 E = Vault monster count
 F = Vault count percentage of total count
                 A         B        C        D         E       F
            +---------+---------+-------+---------+---------+-------
      Total |      22 |       0 |   0.0 |      14 |       0 |   0.0
            +---------+---------+-------+---------+---------+-------
        D:1 |      22 |       0 |   0.0 |      14 |       0 |   0.0
            +---------+---------+-------+---------+---------+-------
